Map: Proxima Station LE

Players

daydrA - Winner!

  • Race: Zerg Zerg
  • Spawn Location: 7:00

Nistic

  • Race: Zerg Zerg
  • Spawn Location: 1:00

Event: WCS Austin 2017

VOD

Have the link to the VOD?

Description

Time

  • Played on: April 28, 2017, 3:07 p.m.
  • Length: 9:55

All games in this series

Show
View Real Time Build Order
Export as new Build Order

daydrA Zerg - Winner!

Build Orders: Pool First, Zergling Baneling 

Get SALT Encoding   

  12  0:01  Drone  
  13  0:12  Overlord  
  13  0:17  Drone  
  14  0:31  Drone x2  
  16  0:37  Drone  
  17  0:45  Extractor  
  17  0:47  Spawning Pool  
  15  0:50  Drone  
  16  0:58  Drone  
  17  1:17  Hatchery  
  16  1:24  Drone  
  17  1:33  Queen  
  17  1:39  Zergling x2  
  20  1:45  Metabolic Boost  
  20  1:52  Zergling x2  
  21  2:06  Baneling Nest  
  20  2:11  Zergling x4  
  20  2:13  Overlord  
  22  2:29  Zergling x4  
  24  2:33  Zergling x2  
  25  2:40  Zergling x2  
  25  2:41  Zergling x4  
  25  2:43  Zergling x2  
  29  2:48  Zergling x2  
  30  2:54  Baneling x2  
  30  2:56  Zergling x4  
  32  3:04  Zergling x2  
  33  3:08  Overlord  
  33  3:12  Zergling x2  
  34  3:18  Zergling x2  
  35  3:23  Zergling x2  
  35  3:28  Baneling x3  
  33  3:35  Zergling x4  
  34  3:43  Baneling x2  
  30  3:48  Zergling x4  
  30  3:53  Zergling x2  
  30  3:56  Zergling x2  
  30  3:59  Zergling x2  
  32  4:05  Zergling x2  
  32  4:08  Zergling x2  
  29  4:11  Zergling x2  
  29  4:16  Baneling x2  
  30  4:17  Baneling  
  30  4:22  Drone  
  29  4:25  Drone  
  30  4:32  Drone  
  30  4:35  Drone  
  31  4:39  Drone  
  31  4:42  Drone  
  32  4:45  Drone  
  32  4:49  Drone  
  34  4:54  Drone  
  35  5:02  Roach Warren  
  34  5:13  Drone  
  34  5:14  Drone  
  36  5:15  Drone x2  
  36  5:19  Overlord  
  37  5:23  Overlord  
  37  5:30  Queen  
  37  5:34  Drone  
  41  5:35  Drone  
  41  5:40  Drone  
  41  5:41  Drone  
  42  5:43  Drone  
  42  5:48  Evolution Chamber  
  44  5:50  Roach  
  44  5:55  Roach  
  46  5:57  Drone  
  46  6:01  Drone x2  
  46  6:03  Extractor  
  48  6:07  Overlord  
  48  6:11  Drone  
  48  6:12  Drone x2  
  48  6:15  Roach  
  52  6:25  Zerg Missile Weapons Level 1  
  52  6:37  Lair  
  52  6:38  Drone  
  52  6:39  Drone, Hatchery  
  55  6:40  Roach  
  55  6:46  Roach x2  
  59  6:48  Roach  
  59  6:50  Drone  
  59  6:52  Overlord  
  62  7:00  Roach x2  
  66  7:12  Roach x4  
  66  7:15  Overlord x2  
  75  7:24  Extractor  
  75  7:28  Roach  
  75  7:35  Roach x7  
  89  7:40  Roach  
  91  7:47  Overlord x2  
  91  7:52  Glial Reconstitution  
  90  8:01  Hatchery  
  88  8:12  Roach x4  
  96  8:17  Roach x2  
  100  8:20  Drone x2  
  100  8:21  Drone  
  105  8:34  Roach x2  
  105  8:39  Overlord x2  
  107  8:43  Overlord  
  107  8:46  Ravager  
  107  8:48  Overlord  
  108  8:51  Overlord  
  108  9:00  Roach x2  
  108  9:01  Roach x2  
  116  9:05  Roach x2  
  120  9:12  Roach x2  
  124  9:17  Roach x2  
  124  9:18  Roach  
  124  9:19  Zergling x2  
  130  9:25  Roach  
  130  9:26  Overlord  
  130  9:30  Roach x2  
Show
View Real Time Build Order
Export as new Build Order

Nistic Zerg 

Build Orders: Hatch First 

Get SALT Encoding   

  12  0:01  Drone  
  13  0:08  Drone  
  14  0:18  Overlord  
  14  0:23  Drone, Extractor  
  15  0:36  Drone x2  
  17  0:53  Hatchery  
  17  0:56  Drone  
  17  1:00  Extractor  
  16  1:12  Spawning Pool  
  16  1:15  Drone  
  16  1:20  Drone  
  16  1:24  Drone  
  18  1:28  Drone  
  19  1:38  Overlord  
  19  1:48  Drone  
  20  1:58  Queen  
  20  2:00  Zergling x2  
  23  2:04  Metabolic Boost  
  23  2:08  Queen  
  23  2:11  Zergling x2  
  26  2:18  Zergling x4  
  28  2:24  Baneling Nest  
  28  2:28  Drone  
  28  2:31  Drone  
  29  2:37  Drone  
  29  2:38  Drone  
  31  2:48  Overlord  
  31  2:50  Drone  
  32  2:53  Drone  
  33  3:01  Overlord  
  33  3:07  Zergling x2  
  33  3:08  Baneling x2  
  33  3:09  Baneling x2  
  34  3:15  Zergling x2  
  34  3:16  Roach Warren, Zergling x2  
  36  3:20  Zergling x2  
  36  3:22  Zergling x2  
  36  3:24  Zergling x2  
  34  3:35  Zergling x8  
  34  3:44  Zergling x4  
  30  3:49  Zergling x2  
  29  3:57  Baneling x3  
  29  3:58  Roach x2  
  20  4:14  Roach x2  
  23  4:25  Drone x2  
  25  4:31  Drone  
  25  4:36  Drone  
  27  4:43  Drone x2  
  29  4:53  Queen  
  31  5:00  Drone  
  31  5:02  Drone  
  31  5:06  Drone  
  34  5:12  Drone  
  34  5:13  Drone  
  36  5:17  Drone  
  37  5:21  Drone  
  37  5:23  Drone  
  39  5:38  Overlord x2  
  39  5:44  Queen  
  39  5:49  Extractor  
  40  5:50  Overlord  
  40  5:58  Roach x2  
  40  5:59  Roach  
  40  6:02  Roach  
  48  6:09  Roach  
  50  6:24  Drone  
  50  6:28  Roach x4  
  59  6:40  Drone x2  
  60  6:49  Roach  
  62  7:04  Zergling x6  
  62  7:05  Zergling x6  
  62  7:08  Zergling x2, Hatchery  
  68  7:12  Drone  
  69  7:19  Drone  
  70  7:25  Baneling x2  
  70  7:28  Drone x5  
  74  7:37  Lair  
  74  7:38  Ravager  
  75  7:49  Lair  
  75  7:54  Overlord x2  
  75  8:01  Evolution Chamber  
  68  8:10  Roach x3  
  74  8:18  Drone x4  
  74  8:19  Drone, Extractor  
  78  8:22  Queen, Extractor  
  79  8:27  Ravager  
  79  8:28  Ravager x2  
  79  8:32  Drone  
  83  8:37  Drone x2  
  83  8:38  Drone  
  86  8:52  Drone x4  
  90  9:03  Overlord x3  
  90  9:05  Roach  
  90  9:09  Roach  
  94  9:17  Roach  
  95  9:25  Roach x3  
  95  9:28  Roach x3  
  95  9:29  Roach  
Tags
 
Add a new tag
Caveats
  • Supply blocks, unpowered buildings, or Contaminate may cause inaccurate times.
  • Supply counts are checked every 10 seconds.